 Dungeon Crawl Stone Soup version 0.31.0-9-g3a7656b989 (webtiles) character file.

Game seed: 6529567404737135505

324 qw the Shooter (level 6, -1/30 HPs)
             Began as a Spriggan Hunter on Feb 2, 2024.
             Was an Initiate of Okawaru.
             Slain by Grinder (4 damage)
             ... on level 4 of the Dungeon.
             The game lasted 00:00:12 (2710 turns).

qw the Shooter (Spriggan Hunter)                    Turns: 2710, Time: 00:00:13

Health: -1/30      AC:  2    Str:  7    XL:     6   Next: 23%
Magic:  7/7        EV: 25    Int: 11    God:    Okawaru [......]
Gold:   210        SH:  0    Dex: 20    Spells: 5/5 levels left

rFire   . . .        a - +0 shortbow
rCold   . . .        (shield currently unavailable)
rNeg    . . .        c - +0 robe
rPois   .            (helmet restricted)
rElec   .            (no cloak)
rCorr   .            (gloves unavailable)
SInv    +            (boots unavailable)
Will    ++...        (no amulet)
Stlth   ++           b - ring of willpower
HPRegen 0.25/turn    e - +5 ring of evasion
MPRegen 0.10/turn

%: no passive effects
@: hasted, very quick
A: very small, no large weapons, unfitting armour, see invisible, speed 3
a: Renounce Religion


You were on level 4 of the Dungeon.
You worshipped Okawaru.
Okawaru was noncommittal.
You visited 2 branches of the dungeon, and saw 5 of its levels.

You collected 210 gold pieces.


Innate Abilities, Weirdness & Mutations

You are very small and have problems with some larger weapons.
You are too small for most types of armour.
You have supernaturally acute eyesight. (SInv)
You cover ground extremely quickly. (Speed+++)


   Skills:
 - Level 2.0 Fighting
 - Level 6.4 Ranged Weapons
 + Level 5.4 Dodging
 - Level 1.5 Stealth


You had 5 spell levels left.
You didn't know any spells.
Your spell library was empty.

Inventory:

Hand Weapons
 a - a +0 shortbow (weapon)
Armour
 c - a +0 robe (worn)
Jewellery
 b - a ring of willpower (left hand)
 e - a +5 ring of evasion (right hand)
Potions
 d - a potion of haste
 f - a potion of brilliance {unknown}
 g - a potion of resistance
 j - a potion of berserk rage {unknown}

Dungeon Overview and Level Annotations

Branches:
Dungeon (4/15)             Temple (1/1) D:4

Altars:
Ashenzari
Cheibriados
Dithmenos
Elyvilon
Fedhas
Gozag
Hepliaklqana
Kikubaaqudgha
Makhleb
Nemelex Xobeh
Okawaru
Qazlal
Ru
Sif Muna
Trog
Uskayaw
Vehumet
Wu Jian
Xom
Yredelemnul
Zin
The Shining One

Shops:
D:4 *(![

Annotations:
D:4 Grinder


Message History

You shoot an arrow. The arrow barely misses Grinder.
You shoot an arrow. The arrow closely misses Grinder.
You shoot an arrow.
The arrow hits Grinder but does no damage.
Grinder is heavily wounded.
Grinder hits you.
You writhe in agony.
You shoot an arrow. The arrow hits Grinder.
Grinder is severely wounded.
Grinder misses you.
You shoot an arrow. The arrow barely misses Grinder.
Grinder completely misses you.
You shoot an arrow. The arrow barely misses Grinder.
You shoot an arrow. The arrow barely misses Grinder.
Grinder says, "Tell me all your secrets, or I'll kill you."
Grinder misses you.
You shoot an arrow. The arrow closely misses Grinder.
Grinder completely misses you.
You shoot an arrow. The arrow barely misses Grinder.
Grinder closely misses you.
You shoot an arrow. The arrow hits Grinder.
Grinder is severely wounded.
You shoot an arrow.
The arrow hits Grinder but does no damage.
Grinder is severely wounded.
Grinder gestures at you. You resist with almost no effort.
You shoot an arrow. The arrow closely misses Grinder.
Grinder hits you!
You writhe in agony.
You shoot an arrow. The arrow hits Grinder.
Grinder is severely wounded.
You shoot an arrow. The arrow hits Grinder.
Grinder is severely wounded.
Grinder hits you.
You writhe in agony.
You shoot an arrow. The arrow hits Grinder.
Grinder is almost dead.
Grinder completely misses you.
You shoot an arrow. The arrow closely misses Grinder.
Grinder hits you.
You die...
Grinder says, "Hey, I wasn't done torturing you yet!"

#.##### #. ... #.#....
#.# #.#.# #.#.##. ..\
.\... #....#. #.#
#.#.#############.
..#....#.............
#.#.#.#.#.#.############
#..\...\5.#.....#
.#.#.#@#.#####%#
..........# #.#
......###.# #.#
#####.....# #.# #####.#
#.# #.#####.# #.......#
#########


You could see Grinder.

Vanquished Creatures
  An ogre (D:4)
  A hound (D:4)
  An iguana (D:4)
  9 adders
  4 dart slugs
  3 orcs (D:3)
  12 ball pythons
  10 endoplasms
  5 giant cockroaches
  7 hobgoblins
  4 jackals (D:2)
  6 quokkas
  9 bats
  3 frilled lizards
  5 goblins
  2 kobolds (D:3)
  4 rats
86 creatures vanquished.

Notes
Turn   | Place    | Note
-------+----------+-------------------------------------------
     0 | D:1      | qw the Spriggan Hunter began the quest for the Orb.
     0 | D:1      | Reached XP level 1. HP: 10/10 MP: 2/2
     0 | D:1      | 0 ||| qw: Version: 0.3-a-155-g5e7d8dd
     0 | D:1      | 0 ||| qw: Game counter: 153
     0 | D:1      | 0 ||| qw: Melee chars always use a shield: true
     0 | D:1      | 0 ||| qw: God list: Okawaru
     0 | D:1      | 0 ||| qw: Allow faded altars: false
     0 | D:1      | 0 ||| qw: Do Orc after clearing Dungeon:15 true
     0 | D:1      | 0 ||| qw: Do second Lair branch before Depths: true
     0 | D:1      | 0 ||| qw: Lair rune preference: random
     0 | D:1      | 0 ||| qw: Goals: Normal
     0 | D:1      | 0 ||| PLANNING D:1-11
    20 | D:1      | Reached skill level 3 in Dodging
    69 | D:1      | 69 ||| DROPPING scroll of butterflies.
   131 | D:1      | Reached XP level 2. HP: 14/14 MP: 3/3
   145 | D:1      | 145 ||| UPGRADING to ring of willpower.
   337 | D:1      | Reached XP level 3. HP: 18/18 MP: 4/4
   644 | D:1      | 644 ||| UPGRADING to +5 ring of evasion.
   656 | D:1      | 656 ||| READING scroll labelled HONWUR ONUEP.
   657 | D:1      | 657 ||| READING scroll labelled EWOCKU MULL.
   814 | D:2      | Reached skill level 5 in Ranged Weapons
   929 | D:2      | Reached XP level 4. HP: 19/22 MP: 5/5
  1545 | D:2      | 1545 ||| READING scroll labelled LOUZEOM EFFATATT.
  1546 | D:2      | 1546 ||| READING scroll labelled TECWAHA RIDES.
  1547 | D:2      | 1547 ||| READING 2 scrolls labelled NEVISHR EQAJ.
  1547 | D:2      | 1547 ||| IDENTIFYING amethyst potion
  1548 | D:2      | 1548 ||| READING scroll of identify.
  1548 | D:2      | 1548 ||| IDENTIFYING silvery potion
  1893 | D:3      | Found a hide-covered altar of Uskayaw.
  2063 | D:3      | Reached XP level 5. HP: 26/26 MP: 6/6
  2285 | D:3      | 2285 ||| READING scroll labelled VIHE XEFUHISE.
  2286 | D:3      | 2286 ||| READING scroll labelled FUTOMOLYT.
  2399 | D:4      | 2399 ||| FLEEEEING.
  2401 | D:4      | 2401 ||| FLEEEEING.
  2402 | D:4      | 2402 ||| FLEEEEING.
  2403 | D:4      | 2403 ||| FLEEEEING.
  2404 | D:4      | 2404 ||| FLEEEEING.
  2405 | D:4      | 2405 ||| FLEEEEING.
  2427 | D:4      | Noticed an ogre
  2428 | D:4      | 2428 ||| DRINKING 2 potions of haste.
  2432 | D:4      | Killed an ogre
  2433 | D:4      | Reached skill level 6 in Ranged Weapons
  2433 | D:4      | Reached XP level 6. HP: 30/30 MP: 7/7
  2451 | D:4      | Found a staircase to the Ecumenical Temple.
  2453 | D:4      | 2453 ||| PLANNING TEMPLE
  2453 | D:4      | 2453 ||| DROPPING amulet of magic regeneration.
  2463 | Temple   | Entered the Ecumenical Temple
  2464 | Temple   | 2464 ||| PLANNING OKAWARU WORSHIP
  2491 | Temple   | Became a worshipper of Warmaster Okawaru
  2492 | Temple   | 2492 ||| PLANNING D:1-11
  2677 | D:4      | Found Pystrob's Armour Boutique.
  2679 | D:4      | Found Ceiprim's Assorted Antiques.
  2680 | D:4      | Found Xoel's Distillery.
  2680 | D:4      | Noticed Grinder
  2681 | D:4      | 2681 ||| DRINKING 2 potions of haste.
  2696 | D:4      | Found Kepi's Weapon Boutique.
  2706 | D:4      | HP: 6/30 [Grinder (6)]
  2708 | D:4      | HP: 2/30 [Grinder (2)]
  2710 | D:4      | Slain by Grinder

Levels and vault maps discovered:
D:1:      psy_arrival_whirlpool, layout_loops_ring, serial_glass,
          glass_columns_a, glass_columns_a, glass_columns_b, glass_columns_b,
          glass_columns_b, glass_columns_a, glass_columns_b, glass_columns_b,
          minmay_strange_pillars, feat_on_display, item_on_display_a
D:2:      minmay_alternating_diamond, layout_basic
D:3:      minmay_bubble_buster, layout_basic, mainiacjoe_overflow_catwalk,
          kennysheep_boxes
D:4:      layout_basic, minmay_temple_entry_statues_pillars,
          minmay_shop_grid_forest, uniq_grinder
Temple:   mainiacjoe_temple_trianglar_array

Skill      XL: |  1  2  3  4  5 |
---------------+----------------+-----
Dodging        | 3 4 5 |  5.4
Ranged Weapons | 5 6 |  6.4
Fighting       | 2 |  2.0
Stealth        | |  1.5

Action                     |  1- 3 |  4- 6 || total
---------------------------+-------+-------++-------
   Fire: Shortbow          |   110 |   173 ||   283
    Use: Scroll            |     2 |     6 ||     8
         Potion            |       |     2 ||     2
 Armour: Robe              |    21 |    20 ||    41
  Dodge: Dodged            |    39 |    67 ||   106

Table legend:
 A = Non-vault XP
 B = Vault XP
 C = Vault XP percentage of total XP
 D = Non-vault monster count
 E = Vault monster count
 F = Vault count percentage of total count
                 A         B        C        D         E       F
            +---------+---------+-------+---------+---------+-------
      Total |     397 |      66 |  14.3 |      69 |      17 |  19.8
            +---------+---------+-------+---------+---------+-------
        D:1 |      55 |       0 |   0.0 |      30 |       0 |   0.0
        D:2 |      87 |      16 |  15.5 |      15 |       3 |  16.7
        D:3 |      32 |      50 |  61.0 |      17 |      14 |  45.2
        D:4 |     223 |       0 |   0.0 |       7 |       0 |   0.0
            +---------+---------+-------+---------+---------+-------
